 Dungeon Crawl Stone Soup version 0.17.1-3-g152610e (webtiles) character file.

645 SourDiesel the Ducker (level 7, -4/68 HPs)
             Began as a Troll Chaos Knight on Mar 5, 2016.
             Slain by an ice beast (14 damage)
             ... on level 4 of the Dungeon.
             The game lasted 00:25:23 (2715 turns).

SourDiesel the Ducker (Troll Chaos Knight)          Turns: 2715, Time: 00:25:23

Health: -4/68      AC:  8    Str: 21    XL:     7   Next: 27%
Magic:  6/6        EV: 11    Int: 10    God:    Xom [....*.]
Gold:   215        SH:  0    Dex:  9    Spells: 1 memorised, 3 levels left

rFire  . . .     SeeInvis .     a - +1 mace (chaos)
rCold  . . .     Clarity  .     b - +2 robe
rNeg   . . .     SustAt   .     (no shield)
rPois  .         Gourm    +     (helmet restricted)
rElec  .         Spirit   .     g - +0 cloak
rCorr  .         Warding  .     (gloves unavailable)
rMut   .         Stasis   .     (boots unavailable)
MR     .....                    (no amulet)
Stlth  +.........               (no ring)
                                (no ring)

@: about to teleport, not resistant to hostile enchantments, very unstealthy
A: unfitting armour, claws 3, fast metabolism 3, gourmand, regeneration 2,
shaggy fur 1, tough skin 2
a: Renounce Religion


You were on level 4 of the Dungeon.
You worshipped Xom.
You were a beloved toy of Xom.
You were very full.

You visited 1 branch of the dungeon, and saw 4 of its levels.

You collected 215 gold pieces.

Inventory:

Hand Weapons
 a - a +1 mace of chaos (weapon)
 l - a +0 trident of venom
Missiles
 e - 4 poisoned tomahawks (quivered)
 f - 13 arrows of dispersal
Armour
 b - a +2 robe (worn)
 g - a +0 cloak (worn)
Magical Staves
 q - an uncursed staff of power
Jewellery
 o - an uncursed amulet of stasis
Scrolls
 h - 2 scrolls of recharging
 k - 3 scrolls of identify
Potions
 n - a potion of haste
Books
 i - a book of Envenomations

   Spells                             Type                      Level
   a - Spider Form                    Transmutation/Poison         3
   b - Alistair's Intoxication        Transmutation/Poison         4
   c - Olgreb's Toxic Radiance        Poison                       4
   d - Poisonous Cloud                Conjuration/Poison/Air       6
Comestibles
 c - 6 bread rations
 d - a meat ration
 p - a slice of pizza


   Skills:
 + Level 3.6 Fighting
 + Level 4.4(4.5) Maces & Flails
 + Level 0.5(2.5) Staves
 + Level 0.6 Throwing
 + Level 4.8 Dodging
 + Level 1.1 Stealth


You had 3 spell levels left.
You knew the following spells:

 Your Spells              Type           Power        Failure   Level  Hunger
a - Spider Form           Trmt/Pois      #.........   92%         3    ####...


Dungeon Overview and Level Annotations

Branches:
Dungeon (4/15)
 Temple: D:4-7

Altars:
Ashenzari
Elyvilon
Xom

Annotations:
D:3 SourDiesel's ghost, amateur TrCK


Innate Abilities, Weirdness & Mutations

You are too large for most types of armour.
You have claws for hands.
Your metabolism is lightning-fast.
You like to eat raw meat.
You heal very quickly.
You are covered in fur (AC +1).
You have very tough skin (AC +2).


Message History

* * * LOW HITPOINT WARNING * * *
You cannot teleport because you are wearing an amulet of stasis.
You sock the ice beast!
Sparks fly from the ice beast's front feet!
The ice beast is severely wounded.
The ice beast hits you.
* * * LOW HITPOINT WARNING * * *
The ice beast freezes you!
* * * LOW HITPOINT WARNING * * *
The ice beast misses you. "The weather's been a little too boring around here."
The ice beast barely misses you.
The ice beast hits you but does no damage.
You remove your amulet of stasis.
As you read the scroll of teleportation, it crumbles to dust.
You feel strangely unstable. The ice beast barely misses you.
The ice beast hits you.
* * * LOW HITPOINT WARNING * * *
The ice beast freezes you!
You die...

#.. #
##.#.##.####..######
#...................
#.......####.##.####
#.......####.##.# #
#.........##.##.# #
#.###.......#.
#.##.#
#...........#.
#.##.#
#..@....#§##.##)#
##.Y#####§##§##.####
#..#####§§§§.).....
#.....§§§§§§..†####
################


You could see an ice beast.

Vanquished Creatures
  2 phantoms (D:4)
  An ogre (D:4)
  A hound (D:4)
  Ijyb (D:2)
  Terence (D:3)
  A worker ant (D:4)
  3 orc wizards
  4 adders
  A gnoll (D:4)
  2 oozes
  A worm (D:3)
  4 giant geckos
  9 orcs
  4 giant cockroaches
  7 hobgoblins
  4 jackals (D:1)
  5 kobolds
  A ball python (D:2)
  7 bats
  5 giant newts
  4 goblins
  7 rats
75 creatures vanquished.

Vanquished Creatures (collateral kills)
  2 gnolls (D:4)
2 creatures vanquished.

Vanquished Creatures (others)
  An ogre (D:4)
  An adder (D:4)
2 creatures vanquished.

Grand Total: 79 creatures vanquished

Notes
Turn   | Place    | Note
--------------------------------------------------------------
     0 | D:1      | SourDiesel the Troll Chaos Knight began the quest for the Orb.
     0 | D:1      | Reached XP level 1. HP: 22/22 MP: 0/0
     6 | D:1      | XOM: potion effect (brilliance)
    51 | D:1      | XOM: divination: detect items
   101 | D:1      | XOM: potion effect (berserk rage)
   103 | D:1      | Reached XP level 2. HP: 29/29 MP: 1/1
   460 | D:1      | Reached skill level 3 in Maces & Flails
   758 | D:2      | XOM: silly message
   849 | D:2      | Reached XP level 3. HP: 36/36 MP: 2/2
   868 | D:2      | Noticed Ijyb
   874 | D:2      | Killed Ijyb
  1094 | D:2      | Reached XP level 4. HP: 44/44 MP: 3/3
  1108 | D:2      | Found a white marble altar of Elyvilon.
  1277 | D:2      | XOM: silly message
  1533 | D:3      | XOM: harmless Necr miscast
  1669 | D:3      | Learned a level 3 spell: Spider Form
  1764 | D:3      | Found a shimmering altar of Xom.
  1764 | D:3      | Found a shattered altar of Ashenzari.
  1797 | D:3      | Reached XP level 5. HP: 22/53 MP: 4/4
  1835 | D:3      | XOM: harmless Hex miscast
  1944 | D:3      | Noticed Terence
  1954 | D:3      | Killed Terence
  2022 | D:3      | Noticed SourDiesel's ghost (amateur TrCK)
  2279 | D:4      | XOM: enchant monster (good)
  2284 | D:4      | Reached skill level 4 in Dodging
  2352 | D:4      | Reached XP level 6. HP: 52/61 MP: 5/5
  2391 | D:4      | Noticed an ogre
  2392 | D:4      | XOM: summons friendly white imp
  2397 | D:4      | Killed an ogre
  2415 | D:4      | Reached skill level 1 in Stealth
  2469 | D:4      | Noticed an ogre
  2474 | D:4      | Banished an ogre
  2552 | D:4      | Noticed a phantom
  2574 | D:4      | Killed a phantom
  2574 | D:4      | Reached XP level 7. HP: 48/67 MP: 6/6
  2575 | D:4      | Killed a phantom
  2681 | D:4      | XOM: destruction
  2688 | D:4      | Noticed an ice beast
  2700 | D:4      | HP: 2/68 [ice beast (13)]
  2702 | D:4      | XOM: fog
  2715 | D:4      | Slain by an ice beast

Action                   |  1- 3 |  4- 6 |  7- 9 || total
-------------------------+-------+-------+-------++-------
Melee: Mace              |    87 |   169 |    11 ||   267
       Staff             |       |    30 |       ||    30
Throw: Large rock        |       |     4 |       ||     4
  Use: Scroll            |     3 |     9 |     1 ||    13
       Potion            |     1 |     5 |       ||     6
 Stab: Paralysed         |       |     2 |       ||     2
  Eat: Chunk             |    10 |    15 |     2 ||    27
       Beef jerky        |       |     1 |       ||     1
       Pizza             |       |       |     1 ||     1
